 Dungeon Crawl Stone Soup version 0.24.0-2-g5b39cebb1c (webtiles) character file.

Game seed: 7399056605072179091, levelgen mode: deterministic

875 DavidChitty2 the Chopper (level 8, -3/69 HPs)
             Began as a Hill Orc Fighter on Oct 31, 2019.
             Was a Follower of Beogh.
             Slain by an orc warrior
             ... wielding a +2 trident of protection
              (16 damage)
             ... on level 5 of the Dungeon.
             The game lasted 00:06:50 (4353 turns).

DavidChitty2 the Chopper (Hill Orc Fighter)         Turns: 4353, Time: 00:06:51

Health: -3/69      AC:  9    Str: 21    XL:     8   Next: 4%
Magic:  10/10      EV:  5    Int:  8    God:    Beogh [*.....]
Gold:   159        SH: 10    Dex: 10    Spells: 7/7 levels left

rFire    . . .     SeeInvis .   a - +1 war axe
rCold    . . .     Gourm    .   c - +0 shield
rNeg     . . .     Faith    .   d - +0 chain mail
rPois    .         Spirit   .   (no helmet)
rElec    .         Reflect  .   (no cloak)
rCorr    .         Harm     .   (no gloves)
MR       .....                  (no boots)
Stlth    ..........             (no amulet)
HPRegen  0.21/turn              (no ring)
MPRegen  0.12/turn              (no ring)

@: lethally poisoned (-3 -> -5), lightly drained
A: no striking features
a: Renounce Religion


You were on level 5 of the Dungeon.
You worshipped Beogh.
Beogh was aware of your devotion.
You were very hungry.

You visited 1 branch of the dungeon, and saw 5 of its levels.

You collected 159 gold pieces.

Inventory:

Hand Weapons
 a - a +1 war axe (weapon)
Missiles
 s - 16 poisoned darts (quivered)
Armour
 b - a +3 leather armour of cold resistance
   (You took it off Eustachio on level 4 of the Dungeon)
 c - a +0 shield (worn)
 d - a +0 chain mail (worn)
   (You took it off an orc warrior on level 4 of the Dungeon)
Jewellery
 o - an uncursed ring of ice {unknown}
   (You found it on level 2 of the Dungeon)
Scrolls
 f - a scroll of fog {unknown}
 g - 5 scrolls of teleportation {@r4}
 k - a scroll of enchant weapon
Potions
 h - a potion of flight
 j - a potion of brilliance {unknown}
 l - 3 potions of lignification {!q}
 n - a potion of ambrosia {unknown}
 r - 2 potions of magic
 u - a potion of haste {@q3}
 v - 2 potions of heal wounds {unknown}
Comestibles
 e - 8 rations {!d}


   Skills:
 + Level 5.6(5.5) Fighting
 * Level 7.3 Axes
 + Level 5.2(5.1) Armour
 + Level 5.2 Shields
 + Level 3.5 Invocations


You had 7 spell levels left.
You didn't know any spells.
Your spell library was empty.

Dungeon Overview and Level Annotations

Branches:
Dungeon (5/15)
 Temple: D:4-7

Altars:
Dithmenos
Kikubaaqudgha
Trog
Uskayaw


Message History

You hit the orc. The orc barely misses you.
You hit the orc. The orc hits you with a +0 war axe.
You slash the orc!
You kill the orc!
Beogh accepts your kill.
The orc warrior hits you with a +2 trident of protection!
You closely miss the orc warrior.
The orc warrior hits you with a +2 trident of protection.
You closely miss the orc warrior. You block the orc warrior's attack.
Your shield and chain mail prevent you from hitting the orc warrior.
The orc warrior hits you but does no damage.
You closely miss the orc warrior. You block the orc warrior's attack.
Your shield and chain mail prevent you from hitting the orc warrior.
The orc warrior hits you with a +2 trident of protection.
The orc shouts!
You hit the orc warrior.
You hear a shout! x2
The orc warrior hits you with a +2 trident of protection.
You closely miss the orc warrior. You hit the orc. You block the orc's attack.
The orc warrior hits you with a +2 trident of protection.
The orc hits you but does no damage.
You are poisoned.
You closely miss the orc warrior. You slash the orc!
You kill the orc!
Beogh accepts your kill.
You feel sick.
The orc warrior hits you with a +2 trident of protection!
* * * LOW HITPOINT WARNING * * *
An orc comes into view.
The orc warrior hits you but does no damage.
You closely miss the orc warrior.
You feel sick.
The orc warrior hits you with a +2 trident of protection!
* * * LOW HITPOINT WARNING * * *
You are feeling very hungry.
You hit the orc warrior but do no damage.
You slash the orc!
You kill the orc!
Beogh accepts your kill.
You feel sick.
The orc warrior hits you with a +2 trident of protection.
* * * LOW HITPOINT WARNING * * *
Okay, then.
You hit the orc warrior but do no damage.
You block the orc warrior's attack.
You hit the orc warrior but do no damage.
You feel sick. You block the orc warrior's attack.
You completely miss the orc warrior.
The orc warrior hits you with a +2 trident of protection!
You die...
Beogh appreciates the orc warrior's killing of a heretic priest.

### ### #..# # ....
... #..# .
#..###.###..# .##
...#.#.o..########...
#.#.#.##.....##...##
#.....####o...#.....
####..####
##.#o..o..#
#....)o..# #..##....#
#.....@..# ##)##.[...
#.......)# #.##..[#.
#......<.# #...o<.#
####++#### #...#....
#.####.## #.. .. #..
##[ #.. # #..#


You could see an orc warrior.

Vanquished Creatures
  Eustachio (D:4)
  An orc warrior (D:4)
  2 ogres
  2 hounds (D:4)
  3 orc priests
  5 orc wizards
  2 worker ants (D:4)
  4 adders
  An ooze (D:3)
  An adder skeleton (D:5)
  A worm (D:3)
  3 dart slugs
  4 leopard geckos
  14 orcs
  3 giant cockroaches
  6 goblins
  4 hobgoblins
  4 jackals (D:1)
  2 quokkas (D:2)
  7 bats
  2 frilled lizards
  4 kobolds
  10 rats
86 creatures vanquished.

Notes
Turn   | Place    | Note
-------+----------+-------------------------------------------
     0 | D:1      | DavidChitty2 the Hill Orc Fighter began the quest for the
                  | Orb.
     0 | D:1      | Reached XP level 1. HP: 19/19 MP: 1/1
    24 | D:1      | Reached skill level 3 in Axes
   177 | D:1      | Reached XP level 2. HP: 27/27 MP: 2/2
   598 | D:1      | Reached XP level 3. HP: 33/33 MP: 3/3
   880 | D:2      | Found a hide-covered altar of Uskayaw.
   942 | D:2      | Found a shadowy altar of Dithmenos.
  1222 | D:3      | Reached skill level 4 in Axes
  1235 | D:3      | Reached XP level 4. HP: 40/40 MP: 4/4
  1432 | D:3      | Found a bloodstained altar of Trog.
  1735 | D:3      | Reached XP level 5. HP: 7/47 MP: 5/5
  2252 | D:4      | Became a worshipper of Beogh the Brigand
  2353 | D:4      | Reached skill level 5 in Axes
  2531 | D:4      | Noticed an orc warrior
  2531 | D:4      | Noticed Eustachio
  2556 | D:4      | Killed an orc warrior
  2556 | D:4      | Reached skill level 1 in Invocations
  2556 | D:4      | Reached XP level 6. HP: 13/53 MP: 5/7
  2581 | D:4      | Killed Eustachio
  2581 | D:4      | Reached skill level 5 in Fighting
  2581 | D:4      | Reached skill level 6 in Axes
  2581 | D:4      | Reached XP level 7. HP: 14/61 MP: 8/8
  3110 | D:4      | Reached skill level 5 in Shields
  3394 | D:4      | Found an ancient bone altar of Kikubaaqudgha.
  3707 | D:5      | Entered Level 5 of the Dungeon
  3716 | D:5      | Reached skill level 5 in Armour
  3717 | D:5      | Reached skill level 7 in Axes
  4044 | D:5      | Reached XP level 8. HP: 9/69 MP: 10/10
  4348 | D:5      | Reached * piety under Beogh
  4353 | D:5      | Slain by an orc warrior

Levels and vault maps discovered:
D:1:      lightli_arrival_statue_moat, layout_loops_ring, minmay_pentomino_o4
D:2:      layout_rooms, grunt_dithmenos_smoke, lemuel_crystal_altar, hex_large
D:3:      layout_basic, lemuel_crystal_altar, kennysheep_boxes
D:4:      layout_loops_ring, lemuel_doored_altar, first_ration,
          patterned_corridor, uniq_eustachio
D:5:      kennysheep_big_flooded_room, layout_rooms,
          nicolae_gozag_cash_rules_everything_around_me,
          minmay_temple_entry_ruins, grunt_decor_cap, minivault_19,
          uniq_blork_the_orc

Skill      XL: |  1  2  3  4  5  6  7 |
---------------+----------------------+-----
Axes           | 3 4 5 6 7 |  7.3
Fighting       | 4 5 |  5.6
Shields        | 4 5 |  5.2
Armour         | 4 5 |  5.2
Invocations    | 1 2 3 |  3.5

Action                   |  1- 3 |  4- 6 |  7- 9 || total
-------------------------+-------+-------+-------++-------
Melee: War axe           |   107 |   138 |    91 ||   336
Invok: Convert to Beogh  |       |     1 |       ||     1
  Use: Scroll            |       |     9 |     1 ||    10
       Potion            |       |     3 |     2 ||     5
  Eat: Chunk             |     1 |     4 |     2 ||     7
       Ration            |       |       |     1 ||     1
Armor: Scale mail        |    57 |    43 |     2 ||   102
       Chain mail        |       |       |    43 ||    43
Dodge: Dodged            |    39 |    56 |    30 ||   125
Block: Shield            |    71 |    63 |    47 ||   181
